 Dungeon Crawl Stone Soup version 0.28-a0-723-g095bd1b44f (webtiles) character file.

Game seed: 1961318214075042837

173470 KoroneIsBestGirl the Gelid (level 17, -5/142 HPs)
             Began as a Barachi Ice Elementalist on Oct 25, 2021.
             Was an Initiate of Gozag.
             Shot with an arrow by a centaur warrior (9 damage)
             ... on level 15 of the Dungeon.
             The game lasted 01:09:06 (38112 turns).

KoroneIsBestGirl the Gelid (BaIE)                  Turns: 38112, Time: 01:09:07

Health: -5/142     AC: 11    Str: 11    XL:     17   Next: 76%
Magic:  11/11      EV: 23    Int: 29    God:    Gozag
Gold:   1381       SH:  0    Dex: 21    Spells: 32/44 levels left

rFire   + + +      SeeInvis .   l - +6 scimitar "Ybavaemo" {antimagic, rF++}
rCold   x . .      Faith    .   o - +0 buckler
rNeg    + . .      Spirit   .   H - +3 salamander hide armour {Flames rF++ rC--}
rPois   +          Reflect  .   q - +2 hat
rElec   .          Harm     .   w - +0 cloak "Qoocynk" {Int+3}
rCorr   .          Rampage  .   n - +2 pair of gloves
Will    ++...                   (no boots)
Stlth   +.........              V - amulet of Generosity {RegenMP rPois rN+ Dex+3}
HPRegen 0.33/turn               y - ring "Ahyly" {*Corrode Will+ AC+4 Int+2 Dex+3}
MPRegen 0.37/turn               U - ring "Xylug" {rC+ Str+2 Int+3}

@: confused, ambrosia-drunk, corroded, gold aura, unable to hop, freezing walls,
hasted, unable to read, quick
A: amphibious, slowness 1, strong legs 2, +LOS, screaming 1, inability to read
while threatened
}: 1/15 runes: gossamer
a: Hop, Renounce Religion, Potion Petition, Call Merchant, Bribe Branch


You were on level 15 of the Dungeon.
You worshipped Gozag.
Gozag was most pleased with you.
You visited 5 branches of the dungeon, and saw 27 of its levels.
You also visited: Ossuary and Bailey.

You collected 9550 gold pieces.
You spent 1976 gold pieces at shops.
You paid 6193 gold pieces to Gozag.

Inventory:

Hand Weapons
 l - the +6 scimitar "Ybavaemo" (weapon) {antimagic, rF++}
   (You bought it in a shop on level 1 of the Spider Nest)

   It reduces the magical energy of the wielder, and disrupts the spells and
   magical abilities of those it strikes.
   Natural abilities and divine invocations are not affected.
   rF:        It greatly protects you from fire.
Armour
 n - a +2 pair of gloves (worn)
 o - a +0 buckler (worn)
 q - a +2 hat (worn)
 w - the +0 cloak "Qoocynk" (worn) {Int+3}
   (You found it on level 10 of the Dungeon)

   Int:       It affects your intelligence (+3).
 H - the +3 salamander hide armour (worn) {Flames rF++ rC--}
   (You found it in a bailey)

   It surrounds you with a cloud of flames.
   It grants immunity to clouds of flame.
   It enhances your fire magic.
   rF:        It greatly protects you from fire.
   rC:        It makes you very vulnerable to cold.
 S - a +0 tower shield
Jewellery
 r - an amulet of reflection
 y - the ring "Ahyly" (left hand) {*Corrode Will+ AC+4 Int+2 Dex+3}
   (You acquired it on level 1 of the Spider Nest)

   [ring of protection]

   AC:        It affects your AC (+4).
   Int:       It affects your intelligence (+2).
   Dex:       It affects your dexterity (+3).
   *Corrode:  It may corrode you when you take damage.
   Will:      It increases your willpower.
 U - the ring "Xylug" (right hand) {rC+ Str+2 Int+3}
   (You bought it in a shop on level 2 of the Lair of Beasts)

   [ring of protection from cold]

   Str:       It affects your strength (+2).
   Int:       It affects your intelligence (+3).
   rC:        It protects you from cold.
 V - the amulet of Generosity (around neck) {RegenMP rPois rN+ Dex+3}
   (You bought it in a shop on level 2 of the Lair of Beasts)

   [amulet of magic regeneration]

   It increases your rate of magic regeneration.
   Dex:       It affects your dexterity (+3).
   rPois:     It protects you from poison.
   rN:        It protects you from negative energy.
Wands
 f - a wand of mindburst (18)
 x - a wand of acid (4)
Scrolls
 b - 5 scrolls of amnesia
 c - 8 scrolls of enchant weapon
 e - 6 scrolls of blinking
 h - 3 scrolls of immolation
 i - 10 scrolls of teleportation
 k - a scroll of brand weapon
 s - 5 scrolls of magic mapping
 C - 4 scrolls of noise
 D - 4 scrolls of fog
 E - a scroll of torment
 J - 4 scrolls of vulnerability
 L - 2 scrolls of holy word
 M - 3 scrolls of identify
 R - 3 scrolls of silence
 T - a scroll of acquirement
 X - 2 scrolls of enchant armour
 Y - 4 scrolls of fear
Potions
 a - 16 potions of curing {unknown}
 d - 5 potions of brilliance
 g - 10 potions of degeneration {unknown}
 j - 6 potions of attraction
 m - 6 potions of haste
 p - 2 potions of magic
 t - 3 potions of might
 v - 7 potions of flight {unknown}
 z - 4 potions of resistance
 A - 5 potions of lignification {unknown}
 B - 8 potions of ambrosia
 P - 2 potions of invisibility {unknown}
 W - 3 potions of mutation {unknown}
Miscellaneous
 G - a box of beasts


   Skills:
 + Level 15.2 Fighting
 - Level 3.0(6.3) Short Blades
 - Level 9.7(10.0) Long Blades
 - Level 14.0 Armour
 + Level 16.0 Dodging
 - Level 1.7 Stealth
 * Level 8.1 Shields
 + Level 14.0 Spellcasting
 * Level 7.4 Summonings
 - Level 16.0 Ice Magic


You had 32 spell levels left.
You knew the following spells:

 Your Spells              Type           Power      Damage    Failure   Level
a - Freeze                Ice            100%       1d11      0%          1
b - Frozen Ramparts       Ice            100%       1d12      0%          3
c - Hailstorm             Conj/Ice       61%        3d13      1%          4
d - Summon Ice Beast      Ice/Summ       73%        N/A       1%          4

Your spell library contained the following spells:

 Spells                   Type           Power      Damage    Failure   Level
 Ozocubu's Armour         Ice            85%        N/A       0%          3
 Ensorcelled Hibernation  Hex/Ice        100%       N/A       1%          2
 Summon Guardian Golem    Hex/Summ       41%        N/A       1%          3
 Pain                     Necr           80%        1d8       3%          1
 Shock                    Conj/Air       80%        1d8       3%          1
 Blink                    Tloc           40%        N/A       4%          2
 Passwall                 Tmut/Erth      16%        N/A       4%          2
 Slow                     Hex            20%        N/A       4%          2
 Confusing Touch          Hex            20%        N/A       9%          3
 Portal Projectile        Hex/Tloc       40%        N/A       9%          3
 Spider Form              Tmut/Pois      10%        N/A       9%          3
 Swiftness                Air            20%        N/A       9%          3
 Tukima's Dance           Hex            20%        N/A       9%          3
 Vampiric Draining        Necr           10%        2d7       9%          3
 Summon Mana Viper        Hex/Summ       41%        N/A       19%         5
 Airstrike                Air            10%        N/A       28%         4
 Cause Fear               Hex            10%        N/A       28%         4
 Agony                    Necr           20%        N/A       63%         5
 Excruciating Wounds      Necr           10%        N/A       63%         5
 Monstrous Menagerie      Summ           29%        N/A       75%         7
 Invisibility             Hex            10%        N/A       99%         6
 Spellforged Servitor     Conj/Summ      20%        N/A       99%         7
 Dragon Form              Tmut           10%        N/A       100%        7
 Orb of Destruction       Conj           10%        9d5       100%        7
 Storm Form               Tmut/Air       10%        N/A       100%        7
 Dragon's Call            Summ           29%        N/A       100%        9


Dungeon Overview and Level Annotations

Branches:
Dungeon (15/15)            Temple (1/1) D:4            Lair (6/6) D:9
 Shoals (0/4) Lair:3       Spider (4/4) Lair:3        Slime (0/5) Lair:5
    Orc (0/2) D:10         Vaults (1/5) D:13         Depths (0/4) D:15
Ossuary (visited)          Bailey (visited)

Altars:
Cheibriados
Elyvilon
Fedhas
Gozag
Hepliaklqana
Kikubaaqudgha
Makhleb
Okawaru
Qazlal
Trog
Vehumet
Xom
Yredelemnul
Zin
The Shining One

Shops:
D:4 (   D:13 ?   D:14 *   Lair:2 =   Spider:1 (*=   Spider:4 (   Vaults:1 (


Innate Abilities, Weirdness & Mutations

You are amphibious.
You cover ground slowly.
You can hop long distances.
You have an extended range of vision and can be seen from far away.
You occasionally shout uncontrollably at your foes.
You sometimes lose the ability to read scrolls when taking damage.


Message History

* * * LOW HITPOINT WARNING * * *
The wall freezes the meliai.
The wall freezes the meliai.
The meliai invokes the aid of its god against you.
Something smites you!
* * * LOW HITPOINT WARNING * * *
The wall freezes the centaur warrior.
The wall freezes the meliai.
The centaur is distracted by your dazzling golden aura.
The wall freezes the meliai.
The meliai calls down the wrath of its god upon you.
Something smites you!
* * * LOW HITPOINT WARNING * * *
The centaur shouts!
You feel as though your hastened speed will last longer.
The wall freezes the meliai.
The meliai mumbles some strange prayers to its god against you.
Something smites you!
* * * LOW HITPOINT WARNING * * *
Your corrosive artefact corrodes you!
The wall freezes the centaur warrior.
The centaur warrior shoots an arrow.
The arrow completely misses you.
The wall freezes the meliai.
The meliai calls upon its god to heal the meliai.
The meliai's wounds heal themselves!
You cannot read scrolls in your current state!
You are confused.
You feel invigorated.
The centaur is no longer distracted by gold.
The wall freezes the meliai.
The wall freezes the centaur!
The centaur shoots an arrow.
The arrow misses you.
The wall freezes the meliai.
The meliai calls upon its god to heal the meliai.
The meliai's wounds heal themselves!
The wall freezes the centaur warrior.
The centaur warrior shoots an arrow.
The arrow completely misses you.
The wall freezes the meliai.
The wall freezes the meliai.
The wall freezes the centaur.
The centaur shoots an arrow.
The arrow hits you.
* * * LOW HITPOINT WARNING * * *
The wall freezes the centaur warrior!
The centaur warrior shoots an arrow.
The arrow hits you!
You die...
Your body crumbles into a pile of gold.

### ### #.##### ##.###.....#####
#.......(.☼##c.##
#.........○@°y..###
#.........°°○cc#..#
###.....(...#y.##.c.# .#
###.##.#...###...c.#..###§Y.##
##.....##.)#####....#..$......#
#......###...#.......c.c........
#.......##............c.........
...#......<...............###..#
...#...))................## .#


You could see a centaur warrior, 2 meliai and 4 centaurs.

Vanquished Creatures
  Rupert (D:13)
  Gastronok (D:8)
  3 ghost moths (Spider:4)
  9 emperor scorpions
  A vault warden (Vaults:1)
  An ironbound preserver (D:13)
  A stone giant (D:15)
  Nessos (D:12)
  4 entropy weavers
  A spark wasp (Spider:4)
  Snorg (D:11)
  Fannar (Lair:2)
  A peacekeeper (Vaults:1)
  3 boulder beetles
  An ogre mage (Vaults:1)
  7 hydras
  4 catoblepae
  7 centaur warriors
  5 death yaks
  A death knight (D:13)
  6 two-headed ogres
  6 tengu warriors
  Sonja (Lair:3)
  A sixfirhy (D:9)
  4 skeletal warriors
  A deep troll (Vaults:1)
  A flayed ghost (D:14)
  A goliath frog (Lair:6)
  A phantasmal warrior (D:13)
  A deep troll (shapeshifter) (D:14)
  2 deep elf pyromancers (D:15)
  An orc knight (Bailey)
  13 orb spiders
  3 cyclopes
  29 wolf spiders
  8 ugly things
  3 manticores
  2 oklob plants (Lair:5)
  3 moths of wrath
  6 black mambas
  15 elephants (Lair:6)
  A torpor snail (Spider:3)
  23 cane toads
  A gargoyle (D:12)
  An unseen horror (D:12)
  9 komodo dragons
  2 rime drakes
  Maggie (D:6)
  4 kobold demonologists
  7 yaktaurs
  9 demonic crawlers
  An efreet (D:14)
  2 freezing wraiths (D:13)
  4 trolls
  27 jumping spiders
  A meliai (shapeshifter) (D:13)
  A merfolk (D:12)
  3 tyrant leeches (Lair:6)
  4 meliai
  2 polar bears
  A slime creature (Vaults:1)
  A queen bee (Spider:1)
  A jumping spider (shapeshifter) (D:13)
  2 hornets
  Grinder (D:6)
  40 blink frogs
  10 dream sheep
  A snapping turtle (Lair:3)
  Sigmund (D:5)
  A shadow (D:13)
  A spriggan (shapeshifter) (D:13)
  31 tarantellas
  104 redbacks
  A spriggan (Lair:3)
  43 yaks
  A vampire (D:11)
  7 wyverns
  Eustachio (D:6)
  A basilisk (shapeshifter) (D:13)
  A golden eye (shapeshifter) (D:13)
  A steam dragon (Lair:4)
  Grum (Lair:1)
  12 vampire mosquitoes
  12 basilisks
  Menkaure (D:6)
  A warg (shapeshifter) (D:15)
  Edmund (D:4)
  3 acid dragons
  12 water moccasins
  Duvessa (D:6)
  8 orc warriors
  A sky beast (D:7)
  A black bear (Lair:5)
  A necrophage (D:5)
  3 ogres
  10 wolves
  2 phantoms
  11 centaurs
  8 kobold brigands
  22 bullfrogs
  4 scorpions
  4 water moccasin zombies (Ossuary)
  Dowan (D:6)
  25 killer bees
  10 howler monkeys
  4 electric eels
  5 centaur zombies
  3 orc priests
  3 jellies (Lair:5)
  A hound (D:5)
  Crazy Yiuf (D:6)
  Jessica (D:3)
  An orc wizard (D:10)
  An iguana (D:7)
  A scorpion zombie (D:5)
  7 hell rats (Lair:1)
  A hound zombie (D:5)
  2 mummies (Ossuary)
  A howler monkey zombie (D:8)
  Robin (D:4)
  2 gnolls (Bailey)
  10 adders
  14 river rats (Lair:1)
  A shadow imp (D:5)
  2 white imps
  6 adder zombies (Ossuary)
  An adder skeleton (D:2)
  A worm (D:2)
  4 dart slugs
  25 orcs
  8 bats
  16 endoplasms
  3 giant cockroaches
  5 gnoll zombies (Ossuary)
  17 goblins
  16 hobgoblins
  4 jackals (D:4)
  9 quokkas
  2 ball pythons (D:1)
  6 frilled lizards
  5 hobgoblin zombies (Ossuary)
  37 kobolds
  3 kobold zombies (Ossuary)
  3 orc zombies (Ossuary)
  11 rats
  A butterfly (Lair:2)
916 creatures vanquished.

Vanquished Creatures (others)
  An ugly thing (D:15)
  2 bushes (Lair:6)
  125 fungi
  207 plants
335 creatures vanquished.

Grand Total: 1251 creatures vanquished

Notes
Turn   | Place    | Note
-------+----------+-------------------------------------------
     0 | D:1      | KoroneIsBestGirl the Barachi Ice Elementalist began the
                  | quest for the Orb.
     0 | D:1      | Reached XP level 1. HP: 13/13 MP: 3/3
   414 | D:1      | Reached skill level 5 in Ice Magic
   414 | D:1      | Reached XP level 2. HP: 18/19 MP: 3/5
  1094 | D:1      | Reached XP level 3. HP: 24/24 MP: 5/7
  2687 | D:1      | Learned a level 3 spell: Frozen Ramparts
  2949 | D:2      | Reached XP level 4. HP: 4/30 MP: 4/8
  3323 | D:3      | Reached skill level 1 in Short Blades
  3671 | D:3      | Reached XP level 5. HP: 32/35 MP: 10/10
  3893 | D:3      | Noticed Jessica
  3904 | D:3      | Killed Jessica
  4365 | D:3      | Found a hazy altar of Hepliaklqana.
  4562 | D:4      | Found a staircase to the Ecumenical Temple.
  4563 | D:4      | Noticed a phantom
  4570 | D:4      | Noticed a phantom
  4583 | D:3      | Killed a phantom
  4584 | D:3      | Reached XP level 6. HP: 41/41 MP: 11/11
  4613 | Temple   | Entered the Ecumenical Temple
  4655 | Temple   | Became a worshipper of Gozag Ym Sagoz the Greedy
  4736 | D:4      | Noticed Robin
  4767 | D:4      | Killed Robin
  4903 | D:4      | Reached XP level 7. HP: 46/46 MP: 13/13
  4960 | D:4      | Reached skill level 1 in Shields
  5041 | D:4      | Found a shimmering altar of Xom.
  5288 | D:4      | Found Suvohe's Antique Weapon Shop.
  5291 | D:4      | Noticed Edmund
  5520 | D:5      | Entered Level 5 of the Dungeon
  5545 | D:5      | Noticed Sigmund
  5552 | D:5      | Killed Sigmund
  5866 | D:5      | Reached skill level 5 in Dodging
  6021 | D:5      | Reached XP level 8. HP: 52/52 MP: 15/15
  6209 | D:5      | Reached skill level 5 in Spellcasting
  6846 | D:4      | Killed Edmund
  6888 | D:4      | Bought a fine halberd for 198 gold pieces
  6888 | D:4      | Identified the +9 halberd of the Wheel {vamp, Will+} (You
                  | bought it in a shop on level 4 of the Dungeon)
  6905 | D:6      | Noticed Menkaure
  6914 | D:6      | Killed Menkaure
  6949 | D:6      | Found a runed translucent door.
  6950 | D:6      | Noticed Crazy Yiuf
  6968 | D:6      | Identified the ring of the Catfish {Fire rN+}
  7013 | D:6      | Noticed Eustachio
  7023 | D:6      | Killed Eustachio
  7093 | D:6      | Found a sand-covered staircase.
  7099 | Ossuary  | Entered an ossuary
  7187 | Ossuary  | Reached XP level 9. HP: 57/57 MP: 18/18
  7415 | D:6      | Noticed Duvessa
  7415 | D:6      | Noticed Dowan
  7422 | D:6      | Killed Dowan
  7424 | D:6      | Killed Duvessa
  7513 | D:6      | Noticed Maggie
  7540 | D:6      | Killed Maggie
  7694 | D:6      | Found a bloodstained altar of Trog.
  7736 | D:6      | Noticed Grinder
  7751 | D:6      | Paralysed by Grinder for 6 turns
  7781 | D:6      | Killed Grinder
  8092 | D:6      | Killed Crazy Yiuf
  8833 | D:8      | Noticed Gastronok
  8850 | D:8      | Killed Gastronok
  8851 | D:8      | Reached skill level 10 in Ice Magic
  8851 | D:8      | Reached XP level 10. HP: 29/63 MP: 7/22
  8875 | D:8      | Found a flagged portal.
  8889 | Bailey   | Entered a bailey
  8964 | Bailey   | Noticed an orc knight
  9221 | Bailey   | Identified the +7 arbalest "Wurixuop" {penet, rN+ Str+3
                  | Stlth+}
  9254 | Bailey   | Killed an orc knight
  9562 | Bailey   | Found the +3 salamander hide armour {Flames rF++ rC--}
  9964 | D:8      | Found an ancient bone altar of Kikubaaqudgha.
 10048 | D:9      | Found a staircase to the Lair.
 10597 | D:9      | Reached skill level 10 in Dodging
 10635 | D:9      | Found a runed translucent door.
 10636 | D:9      | Found a burning altar of Makhleb.
 10636 | D:9      | Noticed a sixfirhy
 10657 | D:9      | Killed a sixfirhy
 10658 | D:9      | Reached XP level 11. HP: 68/68 MP: 20/24
 10867 | Lair:1   | Entered Level 1 of the Lair of Beasts
 10978 | Lair:1   | Noticed Grum
 10993 | Lair:1   | Killed Grum
 11087 | Lair:1   | Noticed a death yak
 11109 | Lair:1   | Killed a death yak
 11110 | Lair:1   | Reached skill level 10 in Spellcasting
 11732 | Lair:1   | Noticed a six-headed hydra
 11737 | Lair:1   | Killed a six-headed hydra
 11835 | Lair:1   | Reached skill level 1 in Fighting
 11885 | Lair:1   | Noticed a boulder beetle
 11905 | Lair:1   | Killed a boulder beetle
 12346 | Lair:1   | Reached XP level 12. HP: 83/83 MP: 24/26
 12576 | Lair:2   | Noticed Fannar
 12583 | Lair:2   | Reached skill level 5 in Fighting
 12594 | Lair:2   | Killed Fannar
 12644 | Lair:2   | Noticed a four-headed hydra
 12651 | Lair:2   | Killed a four-headed hydra
 12818 | Lair:2   | Reached skill level 1 in Armour
 13763 | Lair:2   | Bought the ring "Xylug" {rC+ Str+2 Int+3} for 595 gold
                  | pieces
 13763 | Lair:2   | Bought the amulet of Generosity {RegenMP rPois rN+ Dex+3}
                  | for 723 gold pieces
 13818 | Lair:3   | Noticed a death yak
 13820 | Lair:3   | Noticed a death yak
 13825 | Lair:3   | Noticed a death yak
 13825 | Lair:3   | Noticed a death yak
 13831 | Lair:3   | Killed a death yak
 13838 | Lair:3   | Killed a death yak
 13844 | Lair:3   | Killed a death yak
 13846 | Lair:3   | Killed a death yak
 13847 | Lair:3   | Reached skill level 5 in Armour
 14086 | Lair:3   | Gained mutation: You can hop long distances. [Barachi
                  | growth]
 14086 | Lair:3   | Reached XP level 13. HP: 88/101 MP: 25/28
 14493 | Lair:3   | Noticed Sonja
 14505 | Lair:3   | Killed Sonja
 14564 | Lair:3   | Reached skill level 10 in Fighting
 14858 | Lair:3   | Found a staircase to the Shoals.
 14997 | Lair:3   | Found a hole to the Spider Nest.
 15290 | Lair:3   | Identified a scroll of acquirement
 15728 | Lair:4   | You fall into a shaft and drop 2 floors!
 15728 | Lair:6   | Entered Level 6 of the Lair of Beasts
 15957 | Lair:6   | Reached skill level 10 in Armour
 16151 | Lair:6   | Reached XP level 14. HP: 107/116 MP: 25/29
 16721 | Lair:6   | Identified the +9 shadow dragon scales of Autumn {+Blink
                  | rC- rN+++ Int-5 Stlth++++}
 18000 | Lair:5   | Found a staircase to the Slime Pits.
 19085 | Spider:1 | Entered Level 1 of the Spider Nest
 19091 | Spider:1 | Learned a level 4 spell: Hailstorm
 19641 | Spider:1 | Reached skill level 15 in Fighting
 19676 | Spider:1 | Noticed an emperor scorpion
 19697 | Spider:1 | Killed an emperor scorpion
 19950 | Spider:1 | Bought a jewelled scimitar for 225 gold pieces
 19950 | Spider:1 | Identified the +6 scimitar "Ybavaemo" {antimagic, rF++}
                  | (You bought it in a shop on level 1 of the Spider Nest)
 19990 | Spider:1 | Noticed an emperor scorpion
 20004 | Spider:1 | Killed an emperor scorpion
 20005 | Spider:1 | Reached skill level 1 in Long Blades
 20005 | Spider:1 | Reached XP level 15. HP: 51/129 MP: 10/30
 21231 | Spider:1 | Bought a black potion for 23 gold pieces
 21231 | Spider:1 | Acquired the ring "Ahyly" {*Corrode Will+ AC+4 Int+2 Dex+3}
 24924 | Spider:3 | Noticed an emperor scorpion
 24933 | Spider:3 | Reached skill level 5 in Long Blades
 24939 | Spider:3 | Killed an emperor scorpion
 25295 | Spider:3 | Got the Papyrus of the Hills
 26414 | Spider:4 | Entered Level 4 of the Spider Nest
 26422 | Spider:4 | Reached XP level 16. HP: 136/136 MP: 7/32
 26445 | Spider:4 | Identified the +1 falchion of the Whale {vorpal, Str-4
                  | Int+3 Dex+6}
 26637 | Spider:4 | Reached skill level 15 in Ice Magic
 27631 | Spider:4 | Reached skill level 15 in Dodging
 27967 | Spider:4 | Identified the +0 scale mail "Lytokk" {Str+2 Int+2 Dex+5}
 29351 | Spider:4 | Got a gossamer rune of Zot
 29595 | D:10     | Entered Level 10 of the Dungeon
 29649 | D:10     | Found a staircase to the Orcish Mines.
 29750 | D:10     | Found a blossoming altar of Fedhas.
 29832 | D:10     | Identified the +0 cloak "Qoocynk" {Int+3}
 30076 | D:10     | Learned a level 4 spell: Summon Ice Beast
 30442 | D:11     | Identified the +1 leather armour of Impermeability {Will+
                  | Str+3}
 30532 | D:11     | Reached skill level 1 in Summonings
 30560 | D:11     | Noticed Snorg
 30571 | D:11     | Killed Snorg
 31230 | D:12     | Noticed Nessos
 31237 | D:12     | Killed Nessos
 31890 | D:13     | Reached skill level 5 in Shields
 32422 | D:13     | Reached XP level 17. HP: 142/142 MP: 8/34
 32611 | D:13     | Found Uhihyr's Magic Scroll Boutique.
 32655 | D:13     | Bought a scroll of blinking for 112 gold pieces
 32694 | D:13     | Noticed Rupert
 32706 | D:13     | Killed Rupert
 33080 | D:13     | Found a gate to the Vaults.
 33096 | Vaults:1 | Entered Level 1 of the Vaults
 33666 | Vaults:1 | Reached skill level 5 in Summonings
 35464 | D:14     | Found an iron altar of Okawaru.
 35477 | D:14     | Gained mutation: You occasionally shout uncontrollably at
                  | your foes. [a neqoxec]
 35483 | D:14     | Gained mutation: You sometimes lose the ability to read
                  | scrolls when taking damage. [a neqoxec]
 35525 | D:14     | Found Alopomp's Assorted Antiques.
 35537 | D:14     | Bought a faintly glowing amber ring for 100 gold pieces
 35537 | D:14     | Identified the ring "Tahoor" {rElec rPois rF- MP+9} (You
                  | bought it in a shop on level 14 of the Dungeon)
 35697 | D:14     | Found a faded altar of an unknown god.
 36253 | D:15     | Entered Level 15 of the Dungeon
 37400 | D:15     | Found a staircase to the Depths.
 38110 | D:15     | HP: 3/142 [meliai/divine providence (15)]
 38112 | D:15     | Shot with an arrow by a centaur warrior

Illustrated notes

Levels and vault maps discovered:
D:1:      amcnicky_arrival_gap_in_the_tavern_cellar, layout_basic, st_stairs_4
D:2:      layout_loops_corners
D:3:      cheibrodos_old_hovel, layout_basic, general_overflow_altar,
          st_stairs_11, minmay_fractal_squares_5, uniq_jessica
D:4:      layout_loops_cross, lemuel_tele_altar, minmay_temple_entry_large_hall,
          nicolae_take_the_stairs, kennysheep_donut, st_stairs_12, uniq_edmund,
          uniq_robin
D:5:      layout_loops_corners, corexii_leaking_fountain, uniq_sigmund
D:6:      layout_loops_ring, trog_three_pillars_becter,
          nicolae_ossuary_entry_plus, uniq_eustachio, uniq_menkaure,
          uniq_crazy_yiuf_cottage, uniq_duvessa, uniq_grinder, uniq_maggie
D:7:      layout_cave_pools, due_unseen_surprise
D:8:      layout_basic, kennysheep_little_box, enter_bailey_5,
          minmay_misc_feat_nine_boxes, lemuel_old_faithful, uniq_gastronok
D:9:      layout_irregular_city, nzn_makhleb_speed_demon, lair_entry_dummy,
          amcnicky_mini_pool_small
D:10:     layout_cross, mainiacjoe_overflow_small_starburst, orc_0_dummy,
          grunt_ministairs_7
D:11:     layout_long_grid, uniq_snorg
D:12:     layout_rooms, hangedman_fish_farm, uniq_nessos
D:13:     layout_rooms, skrybe_vaults_entry_preservation, serial_shops, shop,
          kennysheep_generic_room_3, uniq_rupert
D:14:     minmay_containers, layout_cave_pools, serial_shops,
          nicolae_shop_crystal, okawaru_ov_weapons_minmay, serial_column_ruins,
          column_ruins_hut_pillars, column_ruins_temple_hut,
          column_ruins_grid_1, column_ruins_corridor_corner,
          column_ruins_grid_1, column_ruins_columns_dead_end
D:15:     grunt_enter_depths_giant_problem, layout_cave_pools, tso_altar
Temple:   nicolae_temple_elliptical
Lair:1:   lemuel_ratsnest, layout_cave_pods, minmay_shattered_shrine, uniq_grum
Lair:2:   layout_cave_pods, nicolae_quartered_pool_medium,
          chequers_serial_rivers_room_a, lemuel_fruit_fields, uniq_fannar
Lair:3:   layout_hall_layers, minmay_shoals_entry_hut,
          nicolae_spider_entry_orb_guardian, wad_woods_03, uniq_sonja
Lair:4:   layout_gridlike, infiniplex_staircase_pool, grunt_megastairs_3
Lair:5:   minmay_lair_oklob_chamber, layout_regular_city,
          nicolae_slime_entry_slimehenge, cheibrodos_lair_reptile_den,
          grunt_megastairs_4, lemuel_fruit_tree, serial_bayou_shore_a
Lair:6:   minmay_lair_end_frog_pond, layout_long_grid, grunt_megastairs_5
Spider:1: layout_chambers, special_room [special_room_bee]
Spider:2: layout_spider_delve
Spider:3: layout_spider_delve
Spider:4: grunt_spider_rune_circles
Vaults:1: dpeg_vaults_waves, nicolae_vaults_twisting_passages,
          vaults_room_door_hall, vaults_room_fours, hangedman_vaults_corner,
          vaults_standard_mumra_x, hangedman_vaults_hat,
          hangedman_vaults_impose, vaults_dpeg_encased_lava,
          layout_vaults_omnicross

Skill      XL: |  1  2  3  4  5  6  7  8  9 10 11 12 13 14 15 16 17 |
---------------+----------------------------------------------------+-----
Ice Magic      | 5 6 7 8 10 11 13 14 16 | 16.0
Dodging        | 3 4 5 6 8 10 11 13 14 15 16 | 16.0
Spellcasting   | 3 4 6 8 9 10 11 12 13 14 | 14.0
Short Blades   | 1 2 3 |  3.0
Shields        | 3 4 5 8 |  8.1
Fighting       | 3 9 12 15 | 15.2
Armour         | 6 10 13 14 | 14.0
Long Blades    | 1 6 9 |  9.7
Summonings     | 3 7 |  7.4
Stealth        | |  1.7

Action                   |  1- 3 |  4- 6 |  7- 9 | 10-12 | 13-15 | 16-18 || total
-------------------------+-------+-------+-------+-------+-------+-------++-------
Melee: Unarmed           |     6 |       |       |       |       |       ||     6
       Dagger            |     5 |   117 |   354 |   133 |   133 |       ||   742
       Scimitar          |       |       |       |       |   139 |   321 ||   460
 Cast: Freeze            |    74 |     2 |    76 |    75 |   121 |    56 ||   404
       Frozen Ramparts   |     1 |     6 |    13 |    23 |    57 |    44 ||   144
       Hailstorm         |       |       |       |       |       |     4 ||     4
Invok: Call Merchant     |       |       |       |     1 |     3 |     2 ||     6
 Abil: Hop               |     2 |     1 |       |     3 |     3 |     9 ||    18
  Use: Potion            |       |     1 |       |     3 |     2 |     8 ||    14
       Scroll            |       |       |     7 |       |    16 |     2 ||    25
 Stab: Sleeping          |       |     2 |       |       |       |       ||     2
       Distracted        |       |       |       |     2 |     4 |     2 ||     8
Armor: Robe              |    17 |    23 |   126 |       |       |       ||   166
       Steam dragon scal |       |       |     7 |     9 |       |       ||    16
       Leather armour    |       |       |       |    34 |   198 |   229 ||   461
Dodge: Dodged            |    53 |    84 |   242 |   112 |   547 |   572 ||  1610
Block: Buckler           |       |       |    66 |   104 |   159 |   185 ||   514
       Reflection        |       |       |       |     5 |       |       ||     5

Table legend: (Time is in decaauts)
 A = Elapsed time spent in this place.
 B = Non-inter-level travel time spent in this place.
 C = Inter-level travel time spent in this place.
 D = Time resting spent in this place.
 E = Time spent auto-exploring this place.
 F = Levels seen in this place.
 G = Mean time per level.
                   A        B        C        D        E       F      G
               +--------+--------+--------+--------+--------+-----+--------+
         Total |  41273 |  39895 |   1378 |   7222 |  26660 |  29 | 1423.2 |
       Dungeon |  19121 |  18505 |    616 |   3174 |  12759 |  15 | 1274.7 |
        Temple |     83 |     47 |     36 |      0 |     38 |   1 |   83.0 |
          Lair |   9200 |   8718 |    482 |    286 |   6909 |   6 | 1533.3 |
   Spider Nest |  11064 |  10831 |    233 |   3472 |   5997 |   4 | 2766.0 |
        Vaults |    626 |    616 |     10 |    290 |    224 |   1 |  626.0 |
       Ossuary |    299 |    299 |      0 |      0 |    117 |   1 |  299.0 |
        Bailey |    877 |    877 |      0 |      0 |    615 |   1 |  877.0 |
               +--------+--------+--------+--------+--------+-----+--------+

Top non-repeatable levels by time:
Spider:1: 4657 daAuts
Spider:4: 2603 daAuts
    D:14: 2405 daAuts
     D:1: 2388 daAuts
Spider:3: 2260 daAuts
  Lair:6: 1989 daAuts
    D:13: 1975 daAuts
  Lair:3: 1809 daAuts
  Lair:1: 1757 daAuts
  Lair:2: 1569 daAuts
Spider:2: 1542 daAuts
     D:5: 1513 daAuts
     D:2: 1474 daAuts
    D:12: 1419 daAuts
  Lair:4: 1129 daAuts
